 Dungeon Crawl Stone Soup version 0.19.0 (webtiles) character file.

287 Gargoyl the Distorting Demonspawn (level 6, -1/48 HPs)
             Began as a Demonspawn Abyssal Knight on Nov 2, 2016.
             Was a Believer of Lugonu.
             Killed from afar by Pikel (15 damage)
             ... with a wand of acid
             ... on level 4 of the Dungeon.
             The game lasted 00:06:12 (3774 turns).

Gargoyl the Distorting Demonspawn (DsAK)            Turns: 3774, Time: 00:06:12

Health: -1/48      AC:  9    Str: 17 (20) XL:     6   Next: 8%
Magic:  9/9        EV:  7    Int: 11 (13) God:    Lugonu [**....]
Gold:   192        SH:  0    Dex: 11 (12) Spells: 0 memorised, 5 levels left

rFire  . . .     SeeInvis .     a - +1 hand axe
rCold  + . .     Gourm    .     f - +0 chain mail
rNeg   . . .     Faith    .     (no shield)
rPois  .         Spirit   .     (helmet restricted)
rElec  .         Reflect  .     (no cloak)
rCorr  .         Harm     .     (no gloves)
MR     .....                    (no boots)
Stlth  ..........               (no amulet)
                                (no ring)
                                (no ring)

@: mighty
A: horns 1, talons 1, cold resistance 1, powered by pain 1
a: Depart the Abyss, Bend Space, Renounce Religion


You were on level 4 of the Dungeon.
You worshipped Lugonu.
Lugonu was pleased with you.
You were hungry.

You visited 1 branch of the dungeon, and saw 4 of its levels.
You visited the Abyss 1 time.

You collected 192 gold pieces.

Inventory:

Hand Weapons
 a - a +1 hand axe (weapon)
Armour
 f - a +0 chain mail (worn)
Jewellery
 n - an uncursed ring of flight
 u - an uncursed ring of protection from cold {unknown}
Wands
 o - a wand of flame (37/48)
Scrolls
 b - 2 scrolls of remove curse
 e - 4 scrolls of identify
 g - a scroll of magic mapping
 k - a scroll of noise {unknown}
 m - a scroll of enchant armour {unknown}
 q - a scroll of amnesia {unknown}
 s - a scroll of enchant weapon {unknown}
 t - a scroll of blinking {unknown}
Potions
 h - a potion of degeneration
 p - 2 potions of might
Comestibles
 c - 2 bread rations
 i - a chunk of flesh
 j - 3 meat rations
 l - 6 fruits


   Skills:
 + Level 4.0 Fighting
 + Level 3.1 Axes
 * Level 3.8 Armour
 + Level 1.0 Dodging
 * Level 4.1 Invocations


You had 5 spell levels left.
You didn't know any spells.

Dungeon Overview and Level Annotations

Branches:
Dungeon (4/15)
 Temple: D:4-7

Altars:
Ashenzari
Makhleb
Qazlal
Vehumet

Annotations:
D:4 exclusion: upstairs, Pikel


Innate Abilities, Weirdness & Mutations

You have a pair of small horns on your head.
You have sharp toenails.
Your flesh is cold resistant. (rC+)
You sometimes gain a little power by taking damage.


Message History

The worker ant is almost dead.
The worker ant bites you.
* * * LOW HITPOINT WARNING * * *
You feel better. The worker ant barely misses you.
You hit the worker ant.
You kill the worker ant!
Lugonu accepts your kill.
You have reached level 6!
Your experience leads to an increase in your attributes!
Your base attributes are Str 14, Int 13, Dex 12.
Increase (S)trength, (I)ntelligence, or (D)exterity?
You feel stronger.
Your demonic ancestry asserts itself...
A pair of horns grows on your head!
You slash Pikel! Your kick misses Pikel.
Pikel is moderately wounded.
Pikel barely misses you.
You slash Pikel!
Pikel is heavily wounded.
Pikel zaps a wand.
The bolt of acid hits you!
You die... ##......<..#...p.....# ...........+.........+ ##.##...##.#......... #.##...##.# ....... #.##...##.# ..... #.........### .pp

####........#
#p# #..#####.#
#K# #..# #.# #@#
#..#####.###.##
#.........#...##
#............).#
#.###.###.#...##
#.# #.
........... #
###.######## #.#
..#


You could see Pikel and 3 slaves.

Vanquished Creatures
  A slave (D:4)
  A scorpion (D:3)
  An orc wizard (D:2)
  An orc priest (D:3)
  Natasha (D:4)
  A worker ant (D:4)
  5 adders
  3 worms
  3 dart slugs
  2 leopard geckos (D:1)
  3 orcs
  A ball python (D:2)
  2 giant cockroaches (D:2)
  7 hobgoblins
  2 jackals (D:3)
  5 kobolds
  3 quokkas
  8 bats
  4 frilled lizards
  8 goblins
  A leopard gecko skeleton (D:4)
  5 rats
68 creatures vanquished.

Notes
Turn   | Place    | Note
-------+----------+-------------------------------------------
     0 | Abyss:1  | Gargoyl the Demonspawn Abyssal Knight began the quest for the Orb.
     0 | Abyss:1  | Reached XP level 1. HP: 18/18 MP: 2/2
    71 | Abyss:2  | Noticed a raiju
    73 | D:1      | Escaped the Abyss
   523 | D:1      | Reached * piety under Lugonu
   523 | D:1      | Gained mutation: You have sharp toenails. [demonic ancestry]
   523 | D:1      | Reached XP level 2. HP: 20/24 MP: 4/4
  1232 | D:2      | Reached XP level 3. HP: 29/29 MP: 5/5
  1883 | D:2      | Found a shattered altar of Ashenzari.
  2215 | D:2      | Reached ** piety under Lugonu
  2219 | D:2      | Gained mutation: You sometimes gain a little power by taking damage. [demonic ancestry]
  2219 | D:2      | Reached XP level 4. HP: 10/35 MP: 6/6
  2896 | D:2      | Gained mutation: Your flesh is cold resistant. (rC+) [demonic ancestry]
  2896 | D:2      | Reached XP level 5. HP: 29/42 MP: 7/7
  2988 | D:3      | Reached skill level 1 in Dodging
  3400 | D:3      | Found a burning altar of Makhleb.
  3401 | D:3      | Found a radiant altar of Vehumet.
  3496 | D:4      | Found a stormy altar of Qazlal.
  3556 | D:4      | Noticed Natasha
  3581 | D:4      | Killed Natasha
  3746 | D:4      | Noticed Pikel
  3746 | D:4      | Noticed a slave
  3746 | D:4      | Noticed a slave
  3746 | D:4      | Noticed a slave
  3747 | D:4      | Noticed a slave
  3764 | D:4      | Killed a slave
  3772 | D:4      | Gained mutation: You have a pair of small horns on your head. [demonic ancestry]
  3772 | D:4      | Reached XP level 6. HP: 14/48 MP: 9/9
  3774 | D:4      | Killed from afar by Pikel

Skill      XL: |  1  2  3  4  5 |
---------------+----------------+-----
Armour         | 2 3 |  3.8
Invocations    | 3 4 |  4.1
Axes           | 2 3 |  3.1
Fighting       | 4 |  4.0
Dodging        | 1 |  1.0

Action                   |  1- 3 |  4- 6 || total
-------------------------+-------+-------++-------
Melee: Hand axe          |   149 |   156 ||   305
       Kick              |    22 |    36 ||    58
Invok: Depart the Abyss  |     1 |       ||     1
  Use: Scroll            |     4 |     1 ||     5
       Potion            |       |     6 ||     6
  Eat: Chunk             |     4 |     5 ||     9
Armor: Chain mail        |   144 |   117 ||   261
       Leather armour    |     2 |       ||     2
Dodge: Dodged            |    61 |    52 ||   113
